 Dungeon Crawl Stone Soup version 0.27.1-16-g815e20cd7a (webtiles) character file.

Game seed: 3162094356103985981

141 Cykl0x the Skirmisher (level 5, -18/33 HPs)
             Began as a Gargoyle Fighter on Nov 22, 2021.
             Demolished by an ogre (22 damage)
             ... on level 4 of the Dungeon.
             The game lasted 00:03:31 (3382 turns).

Cykl0x the Skirmisher (Gargoyle Fighter)            Turns: 3382, Time: 00:03:32

Health: -18/33     AC: 13    Str: 20    XL:     5   Next: 24%
Magic:  14/14      EV:  5    Int:  9    God:
Gold:   150        SH:  9    Dex:  9    Spells: 4/4 levels left

rFire    . . .     SeeInvis .   a - +1 long sword
rCold    . . .     Faith    .   c - +0 kite shield
rNeg     + . .     Spirit   .   l - +0 chain mail
rPois    ∞         Reflect  .   (no helmet)
rElec    +         Harm     .   (no cloak)
rCorr    .         Rampage  .   (no gloves)
Will     .....                  (no boots)
Stlth    ..........             (no amulet)
HPRegen  0.11/turn              e - ring of magical power
MPRegen  0.14/turn              (no ring)

@: studying Dodging
A: sickness immunity, AC +4, negative energy resistance 1, electricity
resistance, torment resistance 1, petrification resistance
a: no special abilities


You were on level 4 of the Dungeon.
You visited 1 branch of the dungeon, and saw 4 of its levels.

You collected 150 gold pieces.

Inventory:

Hand Weapons
 a - a +1 long sword (weapon)
Missiles
 f - 153 stones
 n - 16 poisoned darts (quivered)
Armour
 b - a +0 scale mail
 c - a +0 kite shield (worn)
 l - a +0 chain mail (worn)
Jewellery
 e - a ring of magical power (left hand)
 k - a ring of wizardry
Potions
 d - a potion of might
 g - a potion of degeneration {unknown}
 h - a potion of attraction {unknown}
 i - a potion of curing {unknown}
 j - a potion of magic {unknown}
 m - a potion of flight {unknown}
 o - a potion of resistance {unknown}


   Skills:
 * Level 4.1 Fighting
 + Level 2.6 Long Blades
 * Level 1.2 Throwing
 + Level 4.0 Armour
 * Level 1.4 Dodging
 + Level 3.7 Shields


You had 4 spell levels left.
You didn't know any spells.
Your spell library was empty.

Dungeon Overview and Level Annotations

Branches:
Dungeon (4/15)
 Temple: D:4-7

Altars:
Dithmenos

Shops:
D:1 [


Innate Abilities, Weirdness & Mutations

You are immune to sickness and miasma.
Your stone body is resilient. (AC +4)
You are immune to poison.
You resist negative energy. (rN+)
You are resistant to electric shocks. (rElec)
You are resistant to unholy torment.
You are immune to petrification.


Message History

The adder skeleton barely misses you.
The adder skeleton bites you but does no damage.
You slash the adder skeleton!
You destroy the adder skeleton!
Your Armour skill increases to level 4!
No target in view!
No target in view!
No target in view!
No target in view!
No target in view!
No target in view!
No target in view!
HP restored.
Found a stone staircase leading down.
Found a robe.
p - a scroll labelled VEUPO ETAPRAI
f - 151 stones (gained 1)
f - 153 stones (gained 2)
Found 27 stones.
As you read the scroll labelled VEUPO ETAPRAI, it crumbles to dust.
It is a scroll of enchant weapon.
Your +0 long sword glows red for a moment.
You see here a +0 robe.
Found an Inescapable Atlas.
An ogre comes into view. It is wielding a +0 giant club.
The ogre shouts!
You throw a poisoned dart.
The poisoned dart barely misses the ogre.
You throw a poisoned dart. The poisoned dart hits the ogre.
The ogre is poisoned.
The ogre hits you with a +0 giant club!
You see here a +0 robe.
The ogre looks more healthy.
You throw a poisoned dart.
The poisoned dart barely misses the ogre.
The ogre hits you with a +0 giant club!
* * * LOW HITPOINT WARNING * * *
The ogre hits you with a +0 giant club!!
Ouch! That really hurt!
You die...

#.# #.....#
#.#####.###.#######
#.#..............>#
#.#.##..###..##.#.# #######
#.#.##.......#....# #.:...# #
#.......####.....(#####.....#
# ###......#
#.#......[.......# # ####.#.#
#O##.#######(....#
#.#.###@##.# #.(...#
#.......##.# ###....
###.######+## .### # #.#
##...## .# # ####.# ##....[##
. # ##.##.###.......## #
########...#.##.........#
..............'.........+
########...#.##.........#


You could see an ogre.

Vanquished Creatures
  An orc wizard (D:3)
  5 adders
  An adder skeleton (D:4)
  A worm (D:3)
  3 dart slugs
  7 orcs
  4 bats
  2 endoplasms (D:1)
  2 giant cockroaches (D:1)
  4 goblins
  2 hobgoblins
  3 kobolds
  3 quokkas
  8 ball pythons
  2 frilled lizards (D:1)
  2 rats
50 creatures vanquished.

Notes
Turn   | Place    | Note
-------+----------+-------------------------------------------
     0 | D:1      | Cykl0x the Gargoyle Fighter began the quest for the Orb.
     0 | D:1      | Reached XP level 1. HP: 14/14 MP: 1/1
   139 | D:1      | Reached XP level 2. HP: 18/19 MP: 2/2
   874 | D:1      | Found Facun's Antique Armour Emporium.
  1106 | D:2      | Reached XP level 3. HP: 24/24 MP: 3/3
  1473 | D:2      | Reached XP level 4. HP: 24/29 MP: 4/4
  1596 | D:2      | Identified a scroll of acquirement
  1596 | D:2      | Acquired a manual of Dodging
  1608 | D:2      | Reached skill level 1 in Throwing
  2038 | D:3      | Reached skill level 1 in Dodging
  2593 | D:3      | Reached XP level 5. HP: 33/33 MP: 5/5
  2688 | D:3      | Found a shadowy altar of Dithmenos.
  3365 | D:4      | Noticed an ogre
  3382 | D:4      | Demolished by an ogre

Illustrated notes

Levels and vault maps discovered:
D:1:      lemuel_arrival_behind_the_door_large, layout_basic, serial_shops,
          shop_coins
D:2:      layout_loops_cross
D:3:      layout_loops_ring, grunt_dithmenos_smoke_and_mirrors
D:4:      minmay_bubble_buster, layout_loops_corners, general_overflow_altar,
          lemuel_round_altar, serial_shops, shop

Skill      XL: |  1  2  3  4  5 |
---------------+----------------+-----
Long Blades    | 2 |  2.6
Throwing       | 1 |  1.2
Fighting       | 4 |  4.1
Dodging        | 1 |  1.4
Armour         | 4 |  4.0
Shields        | |  3.7

Action                   |  1- 3 |  4- 6 || total
-------------------------+-------+-------++-------
Melee: Long sword        |   108 |    86 ||   194
Throw: Stone             |    34 |    32 ||    66
       Dart              |       |     3 ||     3
  Use: Scroll            |       |     3 ||     3
Armor: Scale mail        |    47 |     3 ||    50
       Chain mail        |       |    58 ||    58
Dodge: Dodged            |    33 |    16 ||    49
Block: Kite shield       |    63 |    43 ||   106
       Rpst.: Long sword |    10 |     3 ||    13
